 Dungeon Crawl Stone Soup version 0.30-a0-297-g0ec75d9ef4 (webtiles) character file.

Game seed: 15285251765738749511

88 purpskrrrp the Ruffian (level 4, 0/44 HPs)
             Began as a Troll Fighter on Oct 18, 2022.
             Slain by a white imp (4 damage)
             ... summoned by Natasha
             ... on level 2 of the Dungeon.
             The game lasted 00:02:25 (1195 turns).

purpskrrrp the Ruffian (Troll Fighter)              Turns: 1195, Time: 00:02:25

Health: 0/44       AC:  4    Str: 26    XL:     4   Next: 29%
Magic:  3/3        EV:  8    Int: 16    God:
Gold:   123        SH:  7    Dex:  9    Spells: 3/3 levels left

rFire   . . .      SeeInvis .      - Unarmed
rCold   . . .      Faith    .    b - +0 kite shield
rNeg    . . .      Spirit   .    a - +0 robe
rPois   .          Reflect  .    (helmet restricted)
rElec   .          Harm     .    g - scarf {shadows}
rCorr   .          Rampage  .    (gloves unavailable)
Will    .....                    (boots unavailable)
Stlth   +.........               (no amulet)
HPRegen 1.07/turn                h - +6 ring of intelligence
MPRegen 0.08/turn                m - +6 ring of intelligence

@: no status effects
A: large, unfitting armour, claws 3, regeneration 1, shaggy fur 1, tough skin 1
a: no special abilities


You were on level 2 of the Dungeon.
You visited 1 branch of the dungeon, and saw 2 of its levels.

You collected 123 gold pieces.

Inventory:

Armour
 a - a +0 robe (worn)
 b - a +0 kite shield (worn)
 g - a scarf of shadows (worn)
Jewellery
 h - a +6 ring of intelligence (left claw)
 m - a +6 ring of intelligence (right claw)
 n - a ring of poison resistance
Potions
 c - a potion of might
 i - a potion of ambrosia {unknown}
 k - a potion of curing {unknown}
 l - 2 potions of degeneration {unknown}
 p - 2 potions of brilliance
 q - a potion of lignification {unknown}


   Skills:
 - Level 2.4 Fighting
 - Level 2.4 Dodging
 - Level 2.6 Shields
 + Level 4.6 Unarmed Combat


You had 3 spell levels left.
You didn't know any spells.
Your spell library was empty.

Dungeon Overview and Level Annotations

Branches:
Dungeon (2/15)

Altars:

Shops:
D:1 !

Annotations:
D:2 Natasha


Innate Abilities, Weirdness & Mutations

You are too large for most types of armour.
You have claws for hands.
Your natural rate of healing is unusually fast.
You are covered in fur. (AC +1)
You have tough skin. (AC +1)


Message History

You are too injured to fight recklessly!
You are too injured to fight recklessly!
You are too injured to fight recklessly!
You are too injured to fight recklessly!
You are too injured to fight recklessly!
You are too injured to fight recklessly!
You are too injured to fight recklessly!
You are too injured to fight recklessly!
You are too injured to fight recklessly!
You are too injured to fight recklessly!
You are too injured to fight recklessly!
You are too injured to fight recklessly!
You are too injured to fight recklessly!
You are too injured to fight recklessly!
You are too injured to fight recklessly!
You are too injured to fight recklessly!
You are too injured to fight recklessly!
You are too injured to fight recklessly!
You are too injured to fight recklessly!
You are too injured to fight recklessly!
You closely miss Natasha.
Natasha is heavily wounded.
Natasha wildly gestures.
Natasha glows brightly for a moment.
Natasha claws you. The white imp barely misses you.
The iron imp shouts, "Begone, thou rough-hewn dismal-dreaming haggard!"
The iron imp hits you but does no damage.
You miss Natasha.
Natasha is heavily wounded.
Natasha completely misses you. The white imp gestures at you.
The puff of frost hits you!
* * * LOW HITPOINT WARNING * * *
You barely miss Natasha.
Natasha is heavily wounded.
Natasha closely misses you. The iron imp barely misses you.
The white imp hits you.
* * * LOW HITPOINT WARNING * * *
The white imp freezes you.
You die...

.................................
.........≈≈≈≈≈≈........###.......
........≈≈####≈≈..............#..
........≈## ##≈.......####...###
........≈# #≈.......#......#
........≈# #≈.......#......#
........ ##≈.......#...#.##
........ ####≈≈.5...........####
........ ≈≈≈≈≈h@............)...
........ .....5......##...##....
........ .......................
........ .......................
........ .......................
.†...... .......................
.....##. .......................
.....+ ....... .....# ........


You could see an iron imp (summoned), Natasha and a white imp (summoned).

Vanquished Creatures
  Natasha (D:2)
  2 adders (D:2)
  A worm (D:2)
  5 orcs (D:2)
  3 endoplasms
  4 goblins
  2 hobgoblins
  3 kobolds
  A quokka (D:1)
  5 ball pythons
  5 bats
  4 rats
36 creatures vanquished.

Vanquished Creatures (collateral kills)
  A ball python (D:2)
1 creature vanquished.

Grand Total: 37 creatures vanquished

Notes
Turn   | Place    | Note
-------+----------+-------------------------------------------
     0 | D:1      | purpskrrrp the Troll Fighter began the quest for the Orb.
     0 | D:1      | Reached XP level 1. HP: 22/22 MP: 0/0
   410 | D:1      | Found Akeikk's Distillery.
   499 | D:1      | Reached XP level 2. HP: 29/29 MP: 1/1
   570 | D:1      | Reached skill level 3 in Unarmed Combat
   957 | D:2      | Reached XP level 3. HP: 16/36 MP: 2/2
  1006 | D:2      | Reached skill level 4 in Unarmed Combat
  1063 | D:2      | Noticed Natasha
  1071 | D:2      | Killed Natasha
  1072 | D:2      | Reached XP level 4. HP: 34/44 MP: 3/3
  1182 | D:2      | Noticed Natasha
  1195 | D:2      | Slain by a white imp

Illustrated notes

Levels and vault maps discovered:
D:1:      dpeg_arrival_central, layout_basic, serial_shops, shop
D:2:      layout_basic, kennysheep_decorative_pillar, uniq_natasha

Skill      XL: |  1  2  3 |
---------------+----------+-----
Unarmed Combat | 3 4 |  4.6
Fighting       | |  2.4
Dodging        | |  2.4
Shields        | |  2.6

Action                   |  1- 3 |  4- 6 || total
-------------------------+-------+-------++-------
Melee: Unarmed           |    89 |    22 ||   111
  Use: Scroll            |     5 |       ||     5
 Stab: Sleeping          |     1 |       ||     1
Armor: Robe              |    36 |    11 ||    47
Dodge: Dodged            |    37 |     8 ||    45
Block: Kite shield       |    33 |     8 ||    41

Table legend: (Time is in decaauts)
 A = Elapsed time spent in this place.
 B = Non-inter-level travel time spent in this place.
 C = Inter-level travel time spent in this place.
 D = Time resting spent in this place.
 E = Time spent auto-exploring this place.
 F = Levels seen in this place.
 G = Mean time per level.
                   A        B        C        D        E       F      G
               +--------+--------+--------+--------+--------+-----+--------+
         Total |   1200 |   1142 |     58 |      4 |    877 |   2 |  600.0 |
       Dungeon |   1200 |   1142 |     58 |      4 |    877 |   2 |  600.0 |
               +--------+--------+--------+--------+--------+-----+--------+

Top non-repeatable levels by time:
     D:1: 843 daAuts
     D:2: 357 daAuts
